[Event "ARM-ch Club 2018"]
[Site "Yerevan"]
[Date "2018.06.08"]
[Round "1"]
[White "Karatorossian, David"]
[Black "Yeremyan, Alen"]
[Result "1-0"]
[ECO "A05"]
[WhiteElo "2233"]
[BlackElo "2033"]
[Annotator "NA"]
[PlyCount "89"]
[EventDate "2018.??.??"]
[EventCountry "ARM"]
[SourceTitle "playchess.com"]
[Source "ChessBase"]
[SourceQuality "1"]
[TimeControl "5400+30"]

1. Nf3 Nf6 2. g3 g6 3. b3 Bg7 4. Bb2 O-O 5. Bg2 d6 6. d4 e5 7. dxe5 Ng4 8. O-O Nc6 9. c4 Ngxe5 10. Nxe5 Nxe5 11. Nc3 {[%emt 0:00:40] LiveBook: 41 Games} Bd7 {[%emt 0:05:56] E60: King's Indian: Unusual lines and Fianchetto Variation without Nc3} 12. Qd2 ({Of course not} 12. Bxb7 Rb8 $15) 12... Bc6 13. Nd5 Bxd5 {[%emt 0:06:03] [#]} 14. Bxd5 $146 ({Predecessor:} 14. cxd5 f5 15. Rac1 Qe7 16. Qb4 b6 17. Bxe5 Bxe5 18. f4 Bf6 19. e4 fxe4 20. Qxe4 Qxe4 21. Bxe4 {1-0 (45) Rakhmanov,A (2627)-Schmidek,E (2163) Wunsiedel 2015}) 14... c6 15. Bg2 Qb6 16. Bc3 ({Reject} 16. Qxd6 $6 Nxc4 17. bxc4 Rad8 $15) 16... a5 17. Rab1 Qc5 18. e3 $14 Qa3 19. Qc2 Rac8 20. Kh1 Rfe8 21. Bb2 Qc5 22. Bd4 Qa3 23. Rfd1 Nd7 24. Bh3 f5 25. g4 Bxd4 26. Rxd4 Nf6 27. gxf5 g5 28. Rbd1 d5 29. Bg2 Qc5 30. Qd3 Qd6 31. cxd5 c5 32. Ra4 h5 33. Kg1 Kf7 34. Rxa5 Ng4 35. h3 Nf6 36. Ra4 g4 37. h4 g3 38. f3 b5 39. Ra7+ Kf8 40. Qxb5 Qe5 41. e4 Rcd8 42. Qxc5+ Kg8 43. Qc7 Qxc7 44. Rxc7 Ra8 45. d6 1-0

[Event "ARM-ch Club 2018"]
[Site "Yerevan"]
[Date "2018.06.08"]
[Round "1"]
[White "Shmavonyan, Areg"]
[Black "Inants, Aghasi"]
[Result "1/2-1/2"]
[ECO "C60"]
[WhiteElo "2103"]
[BlackElo "2314"]
[Annotator "NA"]
[PlyCount "81"]
[EventDate "2018.??.??"]
[EventCountry "ARM"]
[SourceTitle "playchess.com"]
[Source "ChessBase"]
[SourceQuality "1"]
[TimeControl "5400+30"]

1. e4 e5 2. Nf3 Nc6 3. Bb5 Nge7 4. O-O g6 5. c3 Bg7 6. d4 a6 7. Ba4 b5 8. Bc2 d6 9. a4 Bg4 10. d5 Na5 11. Nbd2 c6 {[%emt 0:07:12] [#]} 12. b4 $1 Nb7 13. dxc6 Nxc6 14. axb5 axb5 15. Rxa8 Qxa8 16. Qe2 Na7 $16 17. Bd3 Bd7 18. Nb3 Qc8 19. Bd2 Qc6 20. Ra1 Nc8 21. Na5 Qa6 22. c4 bxc4 23. Bxc4 Qb6 24. Bd5 Nd8 25. Nc4 Qc7 26. Rc1 Qb8 27. Rb1 Bb5 28. Bg5 O-O 29. Bxd8 Rxd8 30. Ng5 Be8 31. Na5 Ne7 32. Bc4 h6 33. Nf3 d5 34. exd5 Nxd5 35. Qe1 e4 36. Bxd5 Rxd5 37. Qxe4 Rb5 38. Nc6 Bxc6 39. Qxc6 Rxb4 40. Rxb4 Qxb4 41. Qe8+ 1/2-1/2